 Dungeon Crawl Stone Soup version 0.25-a0-834-g55863b0b92 (webtiles) character file.

Game seed: 986620012187403045, levelgen mode: deterministic

17 Maedhros the Charlatan (level 2, 0/18 HPs)
             Began as an Octopode Artificer on Apr 23, 2020.
             Slain by an adder (4 damage)
             ... on level 2 of the Dungeon.
             The game lasted 00:00:19 (384 turns).

Maedhros the Charlatan (Octopode Artificer)          Turns: 384, Time: 00:00:19

Health: 0/18       AC:  1    Str: 11    XL:     2   Next: 62%
Magic:  4/4        EV: 13    Int: 13    God:
Gold:   35         SH:  0    Dex: 12    Spells: 1/1 levels left

rFire    . . .     SeeInvis .   a - +0 short sword
rCold    . . .     Gourm    .   (no shield)
rNeg     . . .     Faith    .   (helmet restricted)
rPois    .         Spirit   .   (no amulet)
rElec    .         Reflect  .   (no ring)
rCorr    .         Harm     .   (no ring)
MR       .....                  (no ring)
Stlth    +++.......             (no ring)
HPRegen  0.06/turn              (no ring)
MPRegen  0.09/turn              (no ring)
                                (no ring)
                                (no ring)

@: lethally poisoned (0 -> -6)
A: almost no armour, stealthy swim, amphibious, 8 rings, constrict 8, camouflage
1, gelatinous body 1
a: no special abilities


You were on level 2 of the Dungeon.
You were not hungry.

You visited 1 branch of the dungeon, and saw 2 of its levels.

You collected 35 gold pieces.

Inventory:

Hand Weapons
 a - a +0 short sword (weapon)
Wands
 b - a wand of flame (15)
 c - a wand of enslavement (14)
 d - a wand of random effects (15)
Scrolls
 g - a scroll of remove curse {unknown}
 h - a scroll of random uselessness {unknown}
 j - a scroll of magic mapping {unknown}
Potions
 e - 2 potions of flight {unknown}
 i - a potion of curing {unknown}
Comestibles
 f - 4 rations


   Skills:
 - Level 1.0 Fighting
 - Level 1.0 Short Blades
 - Level 2.0 Dodging
 + Level 2.7 Stealth
 + Level 3.8 Evocations


You had one spell level left.
You didn't know any spells.
Your spell library was empty.

Dungeon Overview and Level Annotations

Branches:
Dungeon (2/15)

Altars:


Innate Abilities, Weirdness & Mutations

You cannot wear most types of armour.
You are very stealthy in the water. (Stealth+)
You are amphibious.
You can wear up to eight rings at the same time.
You can use your tentacles to constrict eight enemies at once.
Your skin changes colour to match your surroundings (Stealth+).
Your rubbery body absorbs attacks. (AC +1, EV +1)


Message History

You miss the adder. You grab the adder. You constrict the adder.
The adder bites you.
You release your grip on the adder.
You barely miss the adder. Your grab misses the adder.
Your squeeze misses the adder.
The adder is lightly wounded.
The adder bites you. The adder barely misses you.
You miss the adder. You grab the adder. Your squeeze misses the adder.
You constrict the adder. The adder bites you.
* * * LOW HITPOINT WARNING * * *
You are lethally poisoned!
The adder poisons you!
Evoke which item? (* to show all) (? for menu, Esc to quit)
Aiming: Enslavement
Press: ? - help, Shift-Dir - straight line, f - adder
Aim: an adder (lightly wounded, constricted by you, chance to defeat MR: 66%)
The adder struggles to resist.
You constrict the adder.
* * * LOW HITPOINT WARNING * * *
You feel sick. The adder barely misses you. The adder bites you.
You die...

### #.# ..# #.#
#.# #.# #.# #.#
#.###.#
...####.##..###
..............#
...####S##..#.#
.......@##..#.#
.>..>.......#.####
#.
##########.##....#
#. #.#####.# .##
#.# #.# ..# ..#
#.# #.# #.# #.#
#.# ##.## #.#


You could see an adder.

Vanquished Creatures
  A bat (D:1)
  3 giant cockroaches (D:1)
  4 goblins (D:1)
  A hobgoblin (D:1)
  3 jackals (D:2)
  2 kobolds (D:1)
14 creatures vanquished.

Notes
Turn   | Place    | Note
-------+----------+-------------------------------------------
     0 | D:1      | Maedhros the Octopode Artificer began the quest for the
                  | Orb.
     0 | D:1      | Reached XP level 1. HP: 13/13 MP: 3/3
   155 | D:1      | Reached XP level 2. HP: 18/18 MP: 4/4
   384 | D:2      | Slain by an adder

Levels and vault maps discovered:
D:1:      dpeg_arrival_stonehenge_8_columns, layout_basic,
          kennysheep_nondescript
D:2:      layout_loops_ring, uniq_robin

Skill      XL: |  1 |
---------------+----+-----
Stealth        | 2 |  2.7
Fighting       | |  1.0
Short Blades   | |  1.0
Dodging        | |  2.0
Evocations     | |  3.8

Action                   || total
-------------------------++-------
Melee: Short sword       ||    31
       Constrict         ||    11
       Tentacles         ||     4
Evoke: Wand              ||     1
 Stab: Sleeping          ||     2
Armor: Skin              ||     3
Dodge: Dodged            ||    22

Table legend:
 A = Non-vault XP
 B = Vault XP
 C = Vault XP percentage of total XP
 D = Non-vault monster count
 E = Vault monster count
 F = Vault count percentage of total count
                 A         B        C        D         E       F
            +---------+---------+-------+---------+---------+-------
      Total |      25 |       0 |   0.0 |      14 |       0 |   0.0
            +---------+---------+-------+---------+---------+-------
        D:1 |      19 |       0 |   0.0 |      11 |       0 |   0.0
        D:2 |       6 |       0 |   0.0 |       3 |       0 |   0.0
            +---------+---------+-------+---------+---------+-------
